 Dungeon Crawl Stone Soup version 0.25-a0-631-gc915619fb7 (webtiles) character file.

Game seed: 5508044799169766459, levelgen mode: deterministic

1587 Lauz the Carver (level 8, -7/48 HPs)
             Began as a Tengu Gladiator on Mar 18, 2020.
             Mangled by a tentacled starspawn (16 damage)
             ... on level 1 of the Abyss.
             The game lasted 00:18:42 (8321 turns).

Lauz the Carver (Tengu Gladiator)                   Turns: 8321, Time: 00:18:42

Health: -7/48      AC:  4    Str: 17    XL:     8   Next: 92%
Magic:  9/9        EV: 14    Int:  9    God:
Gold:   193        SH:  0    Dex: 15    Spells: 6/7 levels left

rFire    . . .     SeeInvis .   a - +0 long sword
rCold    . . .     Gourm    .   (no shield)
rNeg     . . .     Faith    .   b - +0 leather armour
rPois    .         Spirit   .   c - +0 hat
rElec    .         Reflect  .   z - scarf {repulsion}
rCorr    .         Harm     .   o - +0 pair of gloves
MR       .....                  (boots unavailable)
Stlth    +.........             (no amulet)
HPRegen  0.16/turn              (no ring)
MPRegen  0.11/turn              (no ring)

@: flying quickly and evasively, constricted, repel missiles, quick
A: beak, talons 3, able to fly
a: Stop Flying


You were on level 1 of the Abyss.
You were hungry.

You visited 2 branches of the dungeon, and saw 7 of its levels.
You visited the Abyss 1 time.

You collected 193 gold pieces.

Inventory:

Hand Weapons
 a - a +0 long sword (weapon)
Missiles
 d - 3 throwing nets (quivered)
Armour
 b - a +0 leather armour (worn)
 c - a +0 hat (worn)
 i - a +0 pair of boots
 o - a +0 pair of gloves (worn)
 y - a +0 pair of boots
 z - a scarf of repulsion (worn)
Wands
 r - a wand of disintegration (6)
 t - a wand of enslavement (6)
Scrolls
 e - 7 scrolls of identify {unknown}
 j - 2 scrolls of teleportation {unknown}
 p - a scroll of enchant armour {unknown}
 q - a scroll of noise {unknown}
 u - a scroll of random uselessness {unknown}
 w - a scroll of remove curse {unknown}
Potions
 g - 3 potions of degeneration {unknown}
 h - a potion of magic
 k - a potion of haste {unknown}
 l - 3 potions of heal wounds
 m - 2 potions of resistance {unknown}
 n - a potion of mutation {unknown}
 s - a potion of stabbing {unknown}
 x - a potion of might {unknown}
 A - 2 potions of invisibility {unknown}
Comestibles
 f - 7 rations


   Skills:
 + Level 4.4 Fighting
 + Level 9.4 Long Blades
 + Level 3.0 Throwing
 + Level 4.3 Armour
 + Level 5.1 Dodging
 - Level 0.9 Stealth
 + Level 0.1 Spellcasting


You had 6 spell levels left.
You knew the following spells:

 Your Spells              Type           Power        Failure   Level  Hunger
a - Corona                Hex            #......      43%         1    ##.....

Your spell library contained the following spells:

 Spells                   Type           Power        Failure   Level  Hunger
 Animate Skeleton         Necr           N/A          43%         1    ##.....
 Apportation              Tloc           #.....       43%         1    ##.....
 Summon Small Mammal      Summ           #...         43%         1    ##.....


Dungeon Overview and Level Annotations

Branches:
Dungeon (6/15)             Temple (1/1) D:4

Altars:
Cheibriados
Elyvilon
Fedhas
Gozag
Hepliaklqana
Kikubaaqudgha
Makhleb
Nemelex Xobeh
Qazlal
Ru
Sif Muna
Trog
Vehumet
Wu Jian
Xom
Yredelemnul
Zin
The Shining One

Annotations:
D:2 1 runed translucent door
D:6 Maggie


Innate Abilities, Weirdness & Mutations

You have a beak for a mouth.
You have claws for feet.
You can fly continuously.


Message History

You claw the starspawn tentacle, but do no damage.
You peck the starspawn tentacle, but do no damage.
The starspawn tentacle grabs you. The starspawn tentacle constricts you.
You hit the starspawn tentacle.
The starspawn tentacle is moderately damaged.
The starspawn tentacle loses its grip on you.
You hit the tentacled starspawn but do no damage.
The tentacled starspawn is lightly damaged.
The starspawn tentacle barely misses you.
You slash the tentacled starspawn!
Your kick misses the tentacled starspawn.
The tentacled starspawn is lightly damaged.
The tentacled starspawn bites you! The tentacled starspawn engulfs you!
The starspawn tentacle grabs you. The starspawn tentacle constricts you.
As you read the scroll of fear, it crumbles to dust.
You assume a fearsome visage.
The tentacled starspawn is unaffected.
The starspawn tentacle is unaffected. x2; The tentacled starspawn bites you!
* * * LOW HITPOINT WARNING * * *
The tentacled starspawn engulfs you!
You die...

### .
#.########
##.
##@....... .
#Xww.....
#.#
####.V......
X#..
.#.#.....#
..#..
##..###...##
#...##..#.
/....# ##.#
.##.........
# .#......
.... #.##.#
..%.....


You could see a tentacled starspawn and 2 starspawn tentacles.

Vanquished Creatures
  Sigmund (D:4)
  Menkaure (D:5)
  3 ogres
  A centaur (D:5)
  2 scorpions (D:5)
  A crimson imp (D:5)
  A centaur zombie (D:5)
  3 hounds
  Crazy Yiuf (D:4)
  A human skeleton (D:2)
  2 orc priests
  A jelly (D:5)
  A bullfrog skeleton (D:5)
  5 orc wizards
  A worker ant (D:4)
  15 gnolls
  10 adders
  A shadow imp (D:5)
  3 oozes
  An adder zombie (D:5)
  4 worms
  3 dart slugs
  4 leopard geckos
  13 orcs
  A ball python (D:1)
  7 giant cockroaches
  7 hobgoblins
  7 jackals
  10 kobolds
  2 quokkas
  6 bats
  4 frilled lizards
  6 goblins
  A goblin skeleton (D:2)
  A goblin zombie (D:2)
  A kobold skeleton (D:2)
  11 rats
  A plant (D:3)
144 creatures vanquished.

Vanquished Creatures (others)
  A starspawn tentacle (Abyss:1)
1 creature vanquished.

Grand Total: 145 creatures vanquished

Notes
Turn   | Place    | Note
-------+----------+-------------------------------------------
     0 | D:1      | Lauz the Tengu Gladiator began the quest for the Orb.
     0 | D:1      | Reached XP level 1. HP: 12/12 MP: 2/2
   418 | D:1      | Reached XP level 2. HP: 17/17 MP: 3/3
   635 | D:1      | Reached XP level 3. HP: 16/21 MP: 4/4
  1139 | D:2      | Found a runed translucent door.
  1139 | D:2      | Noticed a human
  1153 | D:2      | Found a basalt altar of Yredelemnul.
  1213 | D:2      | Reached skill level 4 in Long Blades
  1213 | D:2      | Reached skill level 1 in Armour
  1213 | D:2      | Reached XP level 4. HP: 27/27 MP: 5/5
  1646 | D:1      | Gained mutation: You can fly continuously. [Tengu growth]
  1646 | D:1      | Reached XP level 5. HP: 31/31 MP: 6/6
  2579 | D:3      | Reached skill level 5 in Long Blades
  2901 | D:3      | Reached XP level 6. HP: 35/36 MP: 7/7
  3077 | D:3      | Found a glowing golden altar of the Shining One.
  4025 | D:4      | Found a staircase to the Ecumenical Temple.
  4033 | Temple   | Entered the Ecumenical Temple
  4291 | D:4      | Found a bloodstained altar of Trog.
  4319 | D:4      | Noticed Sigmund
  4400 | D:4      | Killed Sigmund
  4400 | D:4      | Reached skill level 6 in Long Blades
  4400 | D:4      | Reached XP level 7. HP: 29/41 MP: 8/8
  4515 | D:4      | HP: 2/41 [ogre/+0 giant club (27)]
  4679 | D:3      | Reached skill level 7 in Long Blades
  5258 | D:4      | Learned a level 1 spell: Corona
  5414 | D:4      | Reached XP level 8. HP: 31/48 MP: 9/9
  5668 | D:4      | Found a runed translucent door.
  5669 | D:4      | Noticed Crazy Yiuf
  5857 | D:4      | Found a glowing silver altar of Zin.
  5948 | D:4      | Found a stormy altar of Qazlal.
  6145 | D:4      | Killed Crazy Yiuf
  6242 | D:5      | Entered Level 5 of the Dungeon
  6357 | D:5      | Found an ornate altar of the Wu Jian Council.
  6620 | D:5      | Reached skill level 8 in Long Blades
  6800 | D:5      | Noticed Menkaure
  7143 | D:5      | Found an opulent altar of Gozag.
  7646 | D:5      | Reached skill level 5 in Dodging
  7654 | D:5      | Found a burning altar of Makhleb.
  7722 | D:5      | Reached skill level 9 in Long Blades
  7759 | D:5      | Killed Menkaure
  8200 | D:6      | Noticed Maggie
  8221 | D:6      | Cast into level 1 of the Abyss (Maggie)
  8302 | Abyss:1  | Noticed a tentacled starspawn
  8321 | Abyss:1  | Mangled by a tentacled starspawn

Levels and vault maps discovered:
D:1:      dpeg_arrival_pond, layout_basic
D:2:      layout_basic, kennysheep_nondescript, grunt_decor_arrowhead,
          dk_yredelemnul_ordeal
D:3:      layout_basic, tso_metal_star, first_ration, lexackson_kobold_supper
D:4:      layout_loops_corners, nicolae_overflow_hidden_temple,
          lemuel_round_altar, marbit_many_paths,
          minmay_temple_entry_statues_fountains, uniq_crazy_yiuf_cottage,
          uniq_sigmund
D:5:      cheibrodos_quashed, layout_basic, overflow_temple_1_default,
          minitemple, uniq_menkaure
D:6:      layout_gridville, lemuel_doored_altar, gammafunk_ghost_necromancy,
          serial_shops, shop, lemuel_tele_altar, uniq_maggie
Temple:   cyrus_temple_forest
Abyss:1:  base: D:7, eino_small_chamber_without_monster, minivault_26,
          hangedman_abyss_or_decor_passed

Skill      XL: |  1  2  3  4  5  6  7  8 |
---------------+-------------------------+-----
Long Blades    | 4 5 6 7 9 |  9.4
Armour         | 1 2 3 4 |  4.3
Dodging        | 4 5 |  5.1
Fighting       | 3 4 |  4.4
Throwing       | 3 |  3.0
Stealth        | |  0.9
Spellcasting   | |  0.1

Action                   |  1- 3 |  4- 6 |  7- 9 || total
-------------------------+-------+-------+-------++-------
Melee: Long sword        |    57 |   147 |   162 ||   366
       Kick              |    17 |    55 |    64 ||   136
       Peck              |     8 |    30 |    39 ||    77
Throw: Throwing net      |       |       |     5 ||     5
 Cast: Corona            |       |       |     1 ||     1
 Abil: Fly               |       |     1 |       ||     1
  Use: Potion            |     2 |       |     1 ||     3
       Scroll            |     1 |       |     1 ||     2
 Stab: Sleeping          |     1 |     3 |     1 ||     5
  Eat: Chunk             |       |    11 |    11 ||    22
Armor: Leather armour    |    23 |    13 |    16 ||    52
Dodge: Dodged            |    54 |    89 |   111 ||   254
       Rpst.: Long sword |    19 |    27 |    36 ||    82

Table legend:
 A = Non-vault XP
 B = Vault XP
 C = Vault XP percentage of total XP
 D = Non-vault monster count
 E = Vault monster count
 F = Vault count percentage of total count
                 A         B        C        D         E       F
            +---------+---------+-------+---------+---------+-------
      Total |    1768 |     500 |  22.0 |     127 |      16 |  11.2
            +---------+---------+-------+---------+---------+-------
        D:1 |      52 |       0 |   0.0 |      19 |       0 |   0.0
        D:2 |     141 |      44 |  23.8 |      32 |       4 |  11.1
        D:3 |     243 |      11 |   4.3 |      25 |       8 |  24.2
        D:4 |     518 |     273 |  34.5 |      27 |       3 |  10.0
        D:5 |     814 |     172 |  17.4 |      24 |       1 |   4.0
            +---------+---------+-------+---------+---------+-------
